 Dungeon Crawl Stone Soup version bcrawl-1.21 (webtiles) character file.

Game seed: 1123825258609962225

1376 nione the Archer (level 8, 0/66 HPs)
             Began as a Centaur Hunter on Feb 16, 2020.
             Was an Initiate of Trog.
             Slain by a merfolk
             ... wielding a +0 spear
             ... created by the fury of Okawaru
              (8 damage)
             ... in the Ecumenical Temple.
             The game lasted 00:25:36 (4835 turns).

nione the Archer (Centaur Hunter)                   Turns: 4835, Time: 00:25:36

Health: 0/66       AC: 13    Str: 16    XL:     8   Next: 39%
Magic:  8/8        EV:  5    Int: 10    God:    Trog [......]
Gold:   396        SH:  0    Dex: 11    Spells: 7/7 levels left

rFire    + + .     SeeInvis .   o - +3 short sword (venom)
rCold    . . .     Gourm    +   (no shield)
rNeg     . . .     Faith    .   c - +3 chain mail {rF+}
rPois    .         Spirit   .   B - +0 helmet
rElec    .         Reflect  .   s - +1 cloak
rCorr    .         Harm     .   (no gloves)
MR       .....                  (no barding)
Stlth    ..........             m - amulet of the gourmand
HPRegen  0.21/turn              A - ring of protection from fire
MPRegen  0.11/turn              (no ring)

@: very quick
A: large, hooves 3, deformed body, speed 2, tough skin 3
a: Renounce Religion


You were in the Ecumenical Temple.
You worshipped Trog.
Trog was noncommittal.
You were not hungry.

You visited 2 branches of the dungeon, and saw 6 of its levels.

You collected 396 gold pieces.

Inventory:

Hand Weapons
 a - a +2 shortbow
 o - a +3 short sword of venom (weapon)
 r - a +2 quarterstaff of chaos
 E - a +0 trident
Missiles
 d - 697 arrows
 C - 431 bolts
Armour
 c - a +3 chain mail of fire resistance (worn)
 s - a +1 cloak (worn)
 B - a +0 helmet (worn)
Jewellery
 g - an uncursed ring of ice
 m - an amulet of the gourmand (around neck)
 A - a ring of protection from fire (left hand)
Scrolls
 j - 5 scrolls of identify
 l - a scroll of amnesia
 p - 2 scrolls of fog
 u - a scroll of teleportation
 w - a scroll of remove curse
 y - a scroll of blinking
Potions
 f - a potion of curing
 i - 2 potions of magic {unknown}
 q - 2 potions of lignification {unknown}
 t - a potion of brilliance {unknown}
 v - a potion of agility {unknown}
 x - a potion of resistance {unknown}
 z - a potion of flight {unknown}
 D - a potion of invisibility {unknown}
Comestibles
 e - 4 rations {!d}


   Skills:
 + Level 4.0 Fighting
 * Level 3.2 Short Blades
 - Level 0.1 Polearms
 * Level 11.9 Bows
 + Level 1.2 Armour
 + Level 1.7 Dodging
 + Level 0.7 Stealth


You had 7 spell levels left.
You didn't know any spells.
Your spell library was empty.

Dungeon Overview and Level Annotations

Branches:
Dungeon (5/12)             Temple (1/1) D:5

Altars:
Ashenzari
Cheibriados
Dithmenos
Elyvilon
Fedhas
Gozag
Kikubaaqudgha
Lugonu
Nemelex Xobeh
Okawaru
Qazlal
Sif Muna
Trog
Uskayaw
Vehumet
Wu Jian
Yredelemnul
Zin


Innate Abilities, Weirdness & Mutations

You have hooves in place of feet.
Armour fits poorly on your strangely shaped body.
You cover ground very quickly.
You have extremely tough skin. (AC +3)


Message History

o - a +3 short sword of venom (weapon)
You hit the orc wizard but do no damage.
You kick the orc wizard!
The orc wizard is severely wounded.
The orc wizard hits you but does no damage.
You puncture the orc wizard!
You kill the orc wizard!
That felt strangely unrewarding.
The merfolk shouts!
The merfolk shouts!
Okay, then.
The merfolk hits you with a +0 spear!
* * * LOW HITPOINT WARNING * * *
The merfolk hits you but does no damage.
The merfolk impaler hits you from afar with a +2 trident of pain!
* * * LOW HITPOINT WARNING * * *
You writhe in agony.
* * * LOW HITPOINT WARNING * * *
The merfolk hits you from afar with a +0 spear!
You die...

.♣..#.._........_...'.......≈≈≈≈≈
.P..#.....⌠._.......'..P....≈≈≈≈≈
....#.._........_...'.......≈≈≈≈≈
....##..._.........##m......≈≈≈≈≈
.....###....._...###....♣.≈≈≈≈≈≈≈
.......###.....###........≈≈≈≈≈≈≈
....<....#######...m.....≈≈≈≈≈≈≈≈
≈..P..............m....≈≈≈≈≈≈≈≈≈≈
≈≈..............@.....≈≈≈≈≈≈≈≈≈≈≈
≈≈≈...............P...≈≈≈≈≈≈≈≈≈≈≈
≈≈≈≈≈.♣.≈..≈....≈..≈.≈≈≈≈≈≈≈≈≈≈≈≈
≈≈≈≈≈≈≈≈≈≈≈≈≈≈≈≈≈≈≈≈≈≈≈≈≈≈≈≈≈≈≈≈≈
≈≈≈≈≈≈≈≈≈≈≈≈≈≈≈≈≈≈≈≈≈≈≈≈≈≈≈≈≈≈≈≈
≈≈≈≈≈≈≈≈≈≈≈≈≈≈≈≈≈≈≈≈≈≈≈≈≈≈≈≈≈≈≈
≈≈≈≈≈≈≈≈≈≈≈≈≈≈≈≈≈≈≈≈≈≈≈≈≈≈≈≈≈
≈≈≈≈≈≈≈≈≈≈≈≈≈≈≈≈≈≈≈≈≈≈≈≈≈


You could see a merfolk impaler and 2 merfolk.

Vanquished Creatures
  A merfolk (Temple)
  Sigmund (D:3)
  Duvessa (D:4)
  An ice beast (D:3)
  An ogre (D:5)
  A phantom (D:4)
  A centaur (D:4)
  Dowan (D:4)
  A centaur zombie (D:5)
  4 crimson imps
  A hound (D:4)
  6 orc wizards
  Crazy Yiuf (D:2)
  3 orc priests
  An iguana (D:4)
  3 worker ants
  A hound skeleton (D:5)
  2 adders
  2 oozes
  4 worms
  2 dart slugs
  5 leopard geckos
  23 orcs
  2 bats
  3 giant cockroaches
  6 goblins
  6 hobgoblins
  4 jackals (D:1)
  4 frilled lizards
  13 kobolds
  2 rats
107 creatures vanquished.

Notes
Turn   | Place    | Note
-------+----------+-------------------------------------------
     0 | D:1      | nione the Centaur Hunter began the quest for the Orb.
     0 | D:1      | Reached XP level 1. HP: 17/17 MP: 1/1
   238 | D:1      | Reached XP level 2. HP: 14/24 MP: 2/2
   244 | D:1      | Reached skill level 6 in Bows
   643 | D:1      | Reached XP level 3. HP: 28/29 MP: 3/3
   774 | D:2      | Found a runed door.
   836 | D:2      | Noticed Crazy Yiuf
   856 | D:2      | Killed Crazy Yiuf
   856 | D:2      | Reached skill level 7 in Bows
   856 | D:2      | Reached XP level 4. HP: 36/36 MP: 4/4
   965 | D:2      | Found a shimmering blue altar of Sif Muna.
  1358 | D:3      | Noticed an ice beast
  1407 | D:3      | Killed an ice beast
  1407 | D:3      | Reached skill level 1 in Short Blades
  1407 | D:3      | Reached skill level 8 in Bows
  1407 | D:3      | Reached XP level 5. HP: 42/42 MP: 5/5
  1423 | D:3      | Reached XP level 6. HP: 33/50 MP: 6/6
  1426 | D:3      | Reached skill level 9 in Bows
  1709 | D:3      | HP: 2/50 [orc priest/divine providence (12)]
  2102 | D:3      | Found a corrupted altar of Lugonu.
  2136 | D:3      | Noticed Sigmund
  2214 | D:3      | Killed Sigmund
  2214 | D:3      | Reached skill level 10 in Bows
  2214 | D:3      | Reached XP level 7. HP: 42/57 MP: 7/7
  2405 | D:3      | Found a blossoming altar of Fedhas.
  2407 | D:3      | Found a snail-covered altar of Cheibriados.
  2459 | D:3      | Found an iron altar of Okawaru.
  2461 | D:3      | Found a glowing silver altar of Zin.
  2761 | D:4      | Noticed Dowan
  2761 | D:4      | Noticed Duvessa
  2840 | D:5      | Entered Level 5 of the Dungeon
  3108 | D:5      | Found a shadowy altar of Dithmenos.
  3246 | D:5      | Found a staircase to the Ecumenical Temple.
  3370 | D:4      | Reached skill level 11 in Bows
  3370 | D:4      | Reached skill level 1 in Armour
  3407 | D:3      | Became a worshipper of Warmaster Okawaru
  3748 | D:4      | Reached XP level 8. HP: 42/63 MP: 8/8
  3848 | D:4      | Found a bloodstained altar of Trog.
  3951 | D:4      | Fell from the grace of Okawaru
  3951 | D:4      | Became a worshipper of Trog the Wrathful
  4189 | D:4      | Killed Duvessa
  4200 | D:4      | Killed Dowan
  4472 | D:5      | Found a shattered altar of Ashenzari.
  4603 | Temple   | Entered the Ecumenical Temple
  4727 | Temple   | Noticed a merfolk impaler
  4727 | Temple   | Noticed a merfolk
  4727 | Temple   | Noticed a merfolk
  4727 | Temple   | Noticed a merfolk
  4727 | Temple   | Noticed a merfolk
  4803 | Temple   | Killed a merfolk
  4835 | Temple   | Slain by a merfolk

Skill      XL: |  1  2  3  4  5  6  7  8 |
---------------+-------------------------+-----
Bows           | 6 7 8 10 11 | 11.9
Short Blades   | 1 2 3 |  3.2
Fighting       | 3 4 |  4.0
Armour         | 1 |  1.2
Polearms       | |  0.1
Dodging        | |  1.7
Stealth        | |  0.7

Action                   |  1- 3 |  4- 6 |  7- 9 || total
-------------------------+-------+-------+-------++-------
Melee: Short sword       |     6 |     4 |    49 ||    59
       Kick              |     4 |     1 |    10 ||    15
       Spear             |     8 |       |       ||     8
 Fire: Shortbow          |    81 |   144 |   161 ||   386
  Use: Potion            |       |     2 |     2 ||     4
       Scroll            |       |     1 |     8 ||     9
  Eat: Ration            |       |     1 |     1 ||     2
       Chunk             |       |     1 |     1 ||     2
Armor: Leather armour    |    10 |    15 |    13 ||    38
       Chain mail        |       |       |     9 ||     9
Dodge: Dodged            |    11 |    11 |    32 ||    54
